 Dungeon Crawl Stone Soup version 0.21.1-1-g345015fe64 (webtiles) character file.

602 KleinerIrrer the Shield-Bearer (level 7, -3/53 HPs)
             Began as a Formicid Fighter on Mar 17, 2018.
             Was a Follower of the Shining One.
             Slain by a hornet (9 damage)
             ... on level 4 of the Dungeon.
             The game lasted 00:05:26 (3315 turns).

KleinerIrrer the Shield-Bearer (Formicid Fighter)   Turns: 3315, Time: 00:05:27

Health: -3/53      AC: 12    Str: 23    XL:     7   Next: 69%
Magic:  7/7        EV:  5    Int:  7    God:    the Shining One [*.....]
Gold:   176        SH: 10    Dex: 10    Spells: 6/6 levels left

rFire    . . .     SeeInvis +   a - +1 war axe
rCold    . . .     Gourm    .   c - +0 shield
rNeg     . . .     Faith    .   n - +0 plate armour
rPois    .         Spirit   .   (helmet unavailable)
rElec    .         Reflect  .   (no cloak)
rCorr    .         Harm     .   (no gloves)
MR       .....                  (no boots)
Stlth    ..........             (no amulet)
HPRegen  0.17/turn              (no ring)
MPRegen  0.10/turn              (no ring)

@: lethally poisoned (-3 -> -6), glowing
A: permanent stasis, dig shafts and tunnels, four strong arms, antennae 3
a: Dig, Shaft Self, Renounce Religion


You were on level 4 of the Dungeon.
You worshipped the Shining One.
The Shining One was aware of your devotion.
You were not hungry.

You visited 1 branch of the dungeon, and saw 4 of its levels.

You collected 176 gold pieces.

Inventory:

Hand Weapons
 a - a +1 war axe (weapon)
Missiles
 i - 48 bolts
Armour
 c - a +0 shield (worn)
 n - a +0 plate armour (worn)
Jewellery
 b - an uncursed ring of poison resistance {unknown}
Wands
 o - a wand of polymorph (8)
Scrolls
 e - a scroll of noise
 h - a scroll of enchant weapon
 k - a scroll of remove curse
 l - a scroll of magic mapping {unknown}
 q - 2 scrolls of amnesia {unknown}
 r - 2 scrolls of random uselessness {unknown}
 t - 2 scrolls of identify
Potions
 g - a potion of brilliance {unknown}
 m - a potion of heal wounds {unknown}
 p - a potion of mutation {unknown}
 v - a potion of berserk rage {unknown}
 w - 2 potions of degeneration {unknown}
 x - a potion of flight {unknown}
 z - a potion of lignification {unknown}
Books
 s - a book of Misfortune

   Spells                             Type                      Level
   a - Confusing Touch                Hexes                        1
   b - Confuse                        Hexes                        3
   c - Gell's Gravitas                Translocation                3
   d - Petrify                        Transmutation/Earth          4
   e - Metabolic Englaciation         Hexes/Ice                    5
   f - Yara's Violent Unravelling     Hexes/Transmutation          5
Comestibles
 d - 11 chunks of flesh
 f - 7 rations


   Skills:
 - Level 3.8 Fighting
 + Level 5.7 Axes
 * Level 5.1 Armour
 - Level 0.1 Dodging
 + Level 5.7 Shields


You had 6 spell levels left.
You didn't know any spells.

Dungeon Overview and Level Annotations

Branches:
Dungeon (4/15)
 Temple: D:4-7

Altars:
Dithmenos
Gozag
Hepliaklqana
Nemelex Xobeh
Okawaru
Yredelemnul
The Shining One
Beogh

Shops:
D:4 ?


Innate Abilities, Weirdness & Mutations

You cannot be hasted, slowed, berserked, paralysed or teleported.
You can dig through walls and to a lower floor.
Your four strong arms can wield two-handed weapons with a shield.
You have a pair of large antennae on your head. (SInv)


Message History

* * * LOW HITPOINT WARNING * * *
You are more poisoned.
Your stasis prevents you from being slowed.
You feel better.
The hornet stings you but does no damage.
You hit the hornet but do no damage.
The hornet is almost dead.
You block the hornet's attack. The hornet stings you!
* * * LOW HITPOINT WARNING * * *
You are poisoned.
Your stasis prevents you from being slowed.
Okay, then.
You feel sick.
You feel sick. You block the hornet's attack.
You found a teleport trap!
Okay, then.
As you read the scroll labeled PUUZOPNIGI, it crumbles to dust.
The creatures around you are filled with an inner flame!
It was a scroll of immolation.
You feel sick. The hornet stings you!
You die...

#.#(.....##
#.#(....##
#.#.....###.#
#............
###########)...#####.
#..........##.##
#..........##.#
#..<.(^.y..##.#
#......@......#
#..........####
#..........#
#..........#
#..........#
#..........#
#..........#
############


You could see a hornet (inner flame).

Vanquished Creatures
  8 orc wizards
  5 orc priests
  2 worker ants (D:4)
  A howler monkey skeleton (D:3)
  8 adders
  A worm (D:4)
  2 dart slugs
  2 leopard geckos (D:3)
  13 orcs
  9 giant cockroaches
  10 goblins
  10 hobgoblins
  2 jackals (D:1)
  2 kobolds (D:1)
  3 quokkas
  9 bats
  5 frilled lizards
  9 rats
101 creatures vanquished.

Notes
Turn   | Place    | Note
-------+----------+-------------------------------------------
     0 | D:1      | KleinerIrrer the Formicid Fighter began the quest for the Orb.
     0 | D:1      | Reached XP level 1. HP: 18/18 MP: 1/1
   207 | D:1      | Reached XP level 2. HP: 22/24 MP: 2/2
   533 | D:1      | Reached XP level 3. HP: 29/30 MP: 3/3
  1256 | D:2      | Reached XP level 4. HP: 31/37 MP: 4/4
  1800 | D:2      | Found a shadowy altar of Dithmenos.
  1800 | D:2      | Found a sparkling altar of Nemelex Xobeh.
  1865 | D:2      | Found a hazy altar of Hepliaklqana.
  1865 | D:2      | Found an opulent altar of Gozag.
  1870 | D:2      | Found an iron altar of Okawaru.
  1872 | D:2      | Found a basalt altar of Yredelemnul.
  1873 | D:2      | Found a faded altar of an unknown god.
  1959 | D:2      | Found a glowing golden altar of the Shining One.
  1965 | D:2      | Became a worshipper of the Shining One
  2010 | D:3      | Reached XP level 5. HP: 42/42 MP: 5/5
  2289 | D:3      | Reached skill level 5 in Shields
  2416 | D:3      | Reached XP level 6. HP: 40/48 MP: 6/6
  2688 | D:3      | Found a roughly hewn altar of Beogh.
  2703 | D:3      | Reached XP level 7. HP: 17/53 MP: 7/7
  2703 | D:3      | HP: 2/53 [orc priest/divine providence (15)]
  2705 | D:3      | Reached skill level 5 in Axes
  3075 | D:3      | Reached * piety under the Shining One
  3244 | D:4      | Found Fibry's Magic Scroll Boutique.
  3268 | D:4      | Reached skill level 5 in Armour
  3300 | D:4      | Noticed a hornet
  3315 | D:4      | Slain by a hornet

Skill      XL: |  1  2  3  4  5  6  7 |
---------------+----------------------+-----
Shields        | 4 5 |  5.7
Axes           | 3 4 5 |  5.7
Armour         | 4 5 |  5.1
Fighting       | |  3.8
Dodging        | |  0.1

Action                   |  1- 3 |  4- 6 |  7- 9 || total
-------------------------+-------+-------+-------++-------
Melee: War axe           |   103 |   166 |    45 ||   314
  Use: Scroll            |       |     5 |     1 ||     6
       Potion            |       |     1 |     2 ||     3
  Eat: Chunk             |     1 |     5 |     2 ||     8
Armor: Scale mail        |    56 |     7 |       ||    63
       Plate armour      |       |    75 |    15 ||    90
Dodge: Dodged            |    44 |    40 |     7 ||    91
Block: Shield            |    61 |    89 |    20 ||   170
